BSA
NEW YORK KNIGHTS @ PLYMOUTH ROCKS
08/17/2025
 
TOP OF THE 1ST
New York Knights batting - Pitching for Plymouth Rocks : RHP Jack Walker
Pitching: RHP Jack Walker
Batting: RHB Lonnie Anderson 0-0: Hit by Pitch
Batting: RHB Pepe Carrasco 0-0: Ball
1-0: Ball
2-0: Fly out, F3 (Line Drive, 34)
Batting: LHB Troy Donaldson 0-0: Called Strike
0-1: Ball
1-1: Ball
2-1: Foul Ball, location: 2F
2-2: DOUBLE (Flyball, 9LD)
Lonnie Anderson to third
Batting: LHB Pablo Rivas 0-0: Fly out, F9 (Line Drive, 89D)
Runner from 3rd tags up, SCORES, no throw
Troy Donaldson to third
Batting: RHB Cheng-ho Qiao 0-0: Called Strike
0-1: Ball
1-1: Ball
2-1: Ball
3-1: Swinging Strike
3-2: Strikes out swinging
Top of the 1st over - 1 run(s), 1 hit(s), 0 error(s), 1 left on base; New York 1 - Plymouth 0
BOTTOM OF THE 1ST
Plymouth Rocks batting - Pitching for New York Knights : RHP José Navarro
Pitching: RHP José Navarro
Batting: RHB José Flores 0-0: Ball
1-0: Ground out 4-3 (Groundball, 34)
Batting: LHB Roger Moore 0-0: Ball
1-0: Ball
2-0: Ball
3-0: Called Strike
3-1: Foul Ball, location: 2F
3-2: Strikes out swinging
Batting: LHB Roy Patrick 0-0: Ball
1-0: Called Strike
1-1: Foul Ball, location: 2F
1-2: Ball
2-2: Foul Ball, location: 2F
2-2: Ground out 5-3 (Groundball, 56)
Bottom of the 1st over - 0 run(s), 0 hit(s), 0 error(s), 0 left on base; New York 1 - Plymouth 0
TOP OF THE 2ND
New York Knights batting - Pitching for Plymouth Rocks : RHP Jack Walker
Batting: LHB Tom Waller Reached via error on a dropped throw, E3
Batting: RHB Sixto Vélez 0-0: Foul Ball, location: 2F
0-1: Foul Ball, location: 2F
0-2: Ball
1-2: Foul Ball, location: 2F
1-2: Foul Ball, location: 2F
1-2: Foul Ball, location: 2F
1-2: Strikes out swinging
Batting: SHB Marvin Harris 0-0: Called Strike
0-1: Ball
1-1: Ball
2-1: Foul Ball, location: 2F
2-2: Grounds into double play, 1-6-3 (Groundball, 15)
Top of the 2nd over - 0 run(s), 0 hit(s), 1 error(s), 0 left on base; New York 1 - Plymouth 0
BOTTOM OF THE 2ND
Plymouth Rocks batting - Pitching for New York Knights : RHP José Navarro
Batting: LHB Frank Geddes 0-0: Ball
1-0: Fly out, F4 (Popup, 4)
Batting: RHB Anthony Rucker 0-0: Ball
1-0: Swinging Strike
1-1: Ball
2-1: Ball
3-1: Base on Balls
Batting: LHB Roland Jones 0-0: Called Strike
0-1: Ball
1-1: Foul Ball, location: 2F
1-2: Foul Ball, location: 2F
1-2: Fielders Choice at 2nd, 4-6 (Groundball, 34)
Batting: RHB Júlio Negrón 0-0: Fielders Choice at 2nd, U6 (Groundball, 6M)
Bottom of the 2nd over - 0 run(s), 0 hit(s), 0 error(s), 1 left on base; New York 1 - Plymouth 0
TOP OF THE 3RD
New York Knights batting - Pitching for Plymouth Rocks : RHP Jack Walker
Batting: RHB Jesús Maestas 0-0: Swinging Strike
0-1: Fly out, F7 (Flyball, 78D)
Batting: RHB Lonnie Anderson 0-0: Ball
1-0: Swinging Strike
1-1: Called Strike
1-2: Ball
2-2: Ball
3-2: Strikes out swinging
Batting: RHB Pepe Carrasco 0-0: Ball
1-0: Fly out, F7 (Flyball, 7M)
Top of the 3rd over - 0 run(s), 0 hit(s), 0 error(s), 0 left on base; New York 1 - Plymouth 0
BOTTOM OF THE 3RD
Plymouth Rocks batting - Pitching for New York Knights : RHP José Navarro
Batting: RHB Jorge Jiménez 0-0: SINGLE (Groundball, 56D)
Batting: RHB Bonifacio Torres 0-0: Ball
1-0: Ball
2-0: Swinging Strike
2-1: Foul Ball, location: 2F
2-2: Ground out 4-3 (Groundball, 4)
Jorge Jiménez to second
Batting: RHB José Flores 0-0: Called Strike
0-1: Ball
Jorge Jiménez steals 3rd base
1-1: Foul Ball, location: 2F
1-2: SINGLE (Line Drive, 6MD)
Jorge Jiménez scores
Batting: LHB Roger Moore 0-0: Swinging Strike
0-1: Foul Ball, location: 2F
0-2: Ball
1-2: Ball
2-2: Fielders Choice at 2nd, 2-6 (Groundball, 2R)
Batting: LHB Roy Patrick 0-0: Called Strike
Roger Moore steals 2nd base
0-1: Swinging Strike
0-2: Ground out 3-6 (Groundball, 3S)
Bottom of the 3rd over - 1 run(s), 2 hit(s), 0 error(s), 1 left on base; New York 1 - Plymouth 1
TOP OF THE 4TH
New York Knights batting - Pitching for Plymouth Rocks : RHP Jack Walker
Batting: LHB Troy Donaldson 0-0: Called Strike
0-1: DOUBLE (Flyball, 9D)
Batting: LHB Pablo Rivas 0-0: Foul Ball, location: 2F
0-1: Ball
1-1: Called Strike
Troy Donaldson is caught stealing 3rd base
1-2: SINGLE (Flyball, 89S)
Batting: RHB Cheng-ho Qiao 0-0: Called Strike
0-1: SINGLE (Groundball, 13S) (infield hit)
Pablo Rivas to second
Batting: LHB Tom Waller 0-0: Ball
1-0: Ball
2-0: Foul Ball, location: 2F
2-1: Swinging Strike
2-2: Foul Ball, location: 2F
2-2: Strikes out swinging
Batting: RHB Sixto Vélez 0-0: Swinging Strike
0-1: Ball
1-1: Foul Ball, location: 2F
1-2: Strikes out swinging
Top of the 4th over - 0 run(s), 3 hit(s), 0 error(s), 2 left on base; New York 1 - Plymouth 1
BOTTOM OF THE 4TH
Plymouth Rocks batting - Pitching for New York Knights : RHP José Navarro
Batting: LHB Frank Geddes 0-0: Ground out 5-3 (Groundball, 56S)
Batting: RHB Anthony Rucker 0-0: Called Strike
0-1: Foul Ball, location: 2F
0-2: Fly out, F3 (Popup, 3L)
Batting: LHB Roland Jones 0-0: Called Strike
0-1: Ball
1-1: Foul Ball, location: 2F
1-2: Fly out, F7 (Flyball, 7M)
Bottom of the 4th over - 0 run(s), 0 hit(s), 0 error(s), 0 left on base; New York 1 - Plymouth 1
TOP OF THE 5TH
New York Knights batting - Pitching for Plymouth Rocks : RHP Jack Walker
Batting: SHB Marvin Harris 0-0: Called Strike
0-1: Swinging Strike
0-2: Foul Ball, location: 2F
0-2: Fly out, F4 (Line Drive, 4)
Batting: RHB Jesús Maestas 0-0: SINGLE (Line Drive, 7S)
Batting: RHB Lonnie Anderson 0-0: Foul Ball, location: 2F
0-1: Ball
1-1: Called Strike
1-2: Ball
2-2: Ball
3-2: Strikes out swinging
Batting: RHB Pepe Carrasco 0-0: Foul Ball, location: 2F
0-1: Ground out 6-3 (Groundball, 6)
Top of the 5th over - 0 run(s), 1 hit(s), 0 error(s), 1 left on base; New York 1 - Plymouth 1
BOTTOM OF THE 5TH
Plymouth Rocks batting - Pitching for New York Knights : RHP José Navarro
Batting: RHB Júlio Negrón 0-0: Fly out, F8 (Flyball, 8LS)
Batting: RHB Jorge Jiménez 0-0: Called Strike
0-1: Swinging Strike
0-2: Ball
1-2: Foul Ball, location: 2F
1-2: Ground out U3 (Groundball, 3)
Batting: RHB Bonifacio Torres 0-0: Called Strike
0-1: Ball
1-1: Foul Ball, location: 2F
1-2: SINGLE (Flyball, 8RS)
Batting: RHB José Flores 0-0: Ball
1-0: Ball
Wild Pitch!
Bonifacio Torres to second
2-0: Foul Ball, location: 2F
2-1: Hit by Pitch
Batting: LHB Roger Moore 0-0: Fly out, F4 (Line Drive, 4M)
Bottom of the 5th over - 0 run(s), 1 hit(s), 0 error(s), 2 left on base; New York 1 - Plymouth 1
TOP OF THE 6TH
New York Knights batting - Pitching for Plymouth Rocks : RHP Jack Walker
Batting: LHB Troy Donaldson 0-0: Called Strike
0-1: Foul Ball, location: 2F
0-2: Foul Ball, location: 2F
0-2: Ball
1-2: Ground out 4-3 (Groundball, 34)
Batting: LHB Pablo Rivas 0-0: Ground out 1-3 (Groundball, 13)
Batting: RHB Cheng-ho Qiao 0-0: Called Strike
0-1: Ball
1-1: Ground out 5-3 (Groundball, 5)
Top of the 6th over - 0 run(s), 0 hit(s), 0 error(s), 0 left on base; New York 1 - Plymouth 1
BOTTOM OF THE 6TH
Plymouth Rocks batting - Pitching for New York Knights : RHP José Navarro
Batting: LHB Roy Patrick 0-0: Ball
1-0: Ball
2-0: Ball
3-0: Called Strike
3-1: Called Strike
3-2: Fly out, F9 (Flyball, 89D)
Batting: LHB Frank Geddes 0-0: Called Strike
0-1: Ball
1-1: Ball
2-1: Swinging Strike
2-2: Strikes out looking
Batting: RHB Anthony Rucker 0-0: Ball
1-0: Ball
2-0: Called Strike
2-1: SINGLE (Groundball, 6MD) (infield hit)
Batting: LHB Roland Jones 0-0: Ball
1-0: Ball
2-0: Ball
3-0: Called Strike
3-1: SINGLE (Line Drive, 4D)
Anthony Rucker to second
Batting: RHB Júlio Negrón 0-0: Ball
1-0: Ground out 5-3 (Groundball, 56)
Bottom of the 6th over - 0 run(s), 2 hit(s), 0 error(s), 2 left on base; New York 1 - Plymouth 1
TOP OF THE 7TH
New York Knights batting - Pitching for Plymouth Rocks : RHP Jack Walker
Batting: LHB Tom Waller 0-0: Called Strike
0-1: Foul Ball, location: 2F
0-2: Strikes out swinging
Batting: RHB Sixto Vélez 0-0: Foul Ball, location: 2F
0-1: Foul Ball, location: 2F
0-2: Ball
1-2: SINGLE (Line Drive, 4M)
Batting: SHB Marvin Harris 0-0: Called Strike
0-1: Ball
1-1: 2-RUN HOME RUN (Flyball, 9D), Distance : 388 ft
Batting: RHB Jesús Maestas 0-0: Foul Ball, location: 2F
0-1: Ball
1-1: Ground out 5-3 (Groundball, 56)
Batting: RHB Lonnie Anderson 0-0: Ground out 2-3 (Groundball, 2L)
Top of the 7th over - 2 run(s), 2 hit(s), 0 error(s), 0 left on base; New York 3 - Plymouth 1
BOTTOM OF THE 7TH
Plymouth Rocks batting - Pitching for New York Knights : RHP José Navarro
Batting: RHB Jorge Jiménez 0-0: Ball
1-0: Called Strike
1-1: Ground out 5-3 (Groundball, 5)
Batting: RHB Bonifacio Torres 0-0: Called Strike
0-1: Ball
1-1: Swinging Strike
1-2: Strikes out swinging
Batting: RHB José Flores 0-0: Ball
1-0: Ball
2-0: Called Strike
2-1: Fly out, F3 (Popup, 34)
Bottom of the 7th over - 0 run(s), 0 hit(s), 0 error(s), 0 left on base; New York 3 - Plymouth 1
TOP OF THE 8TH
New York Knights batting - Pitching for Plymouth Rocks : RHP Jack Walker
Pitching: LHP Takaaki Omori
Batting: RHB Pepe Carrasco 0-0: Called Strike
0-1: Foul Ball, location: 2F
0-2: Strikes out swinging
Batting: LHB Troy Donaldson 0-0: Called Strike
0-1: Called Strike
0-2: Ball
1-2: Fly out, F6 (Line Drive, 6)
Batting: LHB Pablo Rivas 0-0: SINGLE (Line Drive, 4M)
Batting: RHB Cheng-ho Qiao 0-0: Ball
1-0: Swinging Strike
1-1: Swinging Strike
1-2: Foul Ball, location: 2F
1-2: Strikes out swinging
Top of the 8th over - 0 run(s), 1 hit(s), 0 error(s), 1 left on base; New York 3 - Plymouth 1
BOTTOM OF THE 8TH
Plymouth Rocks batting - Pitching for New York Knights : RHP José Navarro
Pitching: RHP Dan Wilson
Batting: LHB Roger Moore 0-0: Ball
1-0: Called Strike
1-1: Ball
2-1: Foul Ball, location: 2F
2-2: Strikes out swinging
Batting: LHB Roy Patrick 0-0: Fly out, F6 (Line Drive, 6)
Batting: LHB Frank Geddes 0-0: Swinging Strike
0-1: Ball
1-1: Called Strike
1-2: Strikes out swinging
Bottom of the 8th over - 0 run(s), 0 hit(s), 0 error(s), 0 left on base; New York 3 - Plymouth 1
TOP OF THE 9TH
New York Knights batting - Pitching for Plymouth Rocks : LHP Takaaki Omori
Batting: LHB Tom Waller 0-0: Ball
1-0: SOLO HOME RUN (Flyball, 9LD), Distance : 353 ft
Batting: RHB Sixto Vélez 0-0: Called Strike
0-1: Ball
1-1: DOUBLE (Line Drive, 3D)
Batting: SHB Marvin Harris 0-0: Swinging Strike
0-1: Ball
1-1: Ball
2-1: Ball
3-1: Foul Ball, location: 2F
3-2: Base on Balls
Batting: RHB Jesús Maestas 0-0: Called Strike
0-1: Bunted foul
0-2: Ball
1-2: Fly out, F9 (Flyball, 9D)
Runner from 2nd tags up, SAFE at 3rd, no throw
Batting: RHB Lonnie Anderson 0-0: Called Strike
0-1: Ball
1-1: Ball
2-1: Ball
3-1: Base on Balls
Marvin Harris to second
Pitching: RHP Scot MacIntosh
Batting: RHB Pepe Carrasco 0-0: Ball
1-0: Ball
2-0: Ball
3-0: Called Strike
3-1: Foul Ball, location: 2F
3-2: SINGLE (Line Drive, 89S)
Sixto Vélez scores
Marvin Harris to third
Lonnie Anderson to second
Runner from 3rd tries for Home, SAFE, throw made home
Batting: LHB Troy Donaldson 0-0: Foul Ball, location: 2F
0-1: Ball
1-1: Ball
2-1: Fielders Choice at 2nd, 4-6 (Groundball, 4)
Lonnie Anderson to third
Batting: LHB Pablo Rivas 0-0: Fly out, F8 (Line Drive, 8LD)
Top of the 9th over - 3 run(s), 3 hit(s), 0 error(s), 2 left on base; New York 6 - Plymouth 1
BOTTOM OF THE 9TH
Plymouth Rocks batting - Pitching for New York Knights : RHP Dan Wilson
Now in RF: Vincente Sáenz
Batting: RHB Anthony Rucker 0-0: Fly out, F9 (Flyball, 9M)
Batting: LHB Roland Jones 0-0: Called Strike
0-1: Ground out 4-3 (Groundball, 4)
Batting: RHB Júlio Negrón 0-0: Called Strike
0-1: Ball
1-1: Called Strike
1-2: Fly out, F7 (Flyball, 7M)
Bottom of the 9th over - 0 run(s), 0 hit(s), 0 error(s), 0 left on base; New York 6 - Plymouth 1
This league is powered by Out of the Park Baseball, the baseball management simulation game for PC, Mac and Linux
Tuesday, August 2nd, 2016 - OOTP Baseball 16.8 Build 38